 Dungeon Crawl Stone Soup version 0.27-a0-1597-ge58577e147 (webtiles) character file.

Game seed: 6815736315701204209

3971 DocSulfur the Grappler (level 10, -5/85 HPs)
             Began as a Troll Hunter on July 21, 2021.
             Was an Elder of Okawaru.
             Slain by a centaur warrior (11 damage)
             ... on level 8 of the Dungeon.
             The game lasted 00:24:49 (7374 turns).

DocSulfur the Grappler (Troll Hunter)               Turns: 7374, Time: 00:24:49

Health: -5/85      AC:  5    Str: 22    XL:     10   Next: 2%
Magic:  8/10       EV: 12    Int:  7    God:    Okawaru [****..]
Gold:   423        SH:  0    Dex: 13    Spells: 9/9 levels left

rFire    . . .     SeeInvis .     - Unarmed
rCold    . . .     Faith    .   (no shield)
rNeg     . . .     Spirit   .   b - +0 robe
rPois    .         Reflect  .   (helmet restricted)
rElec    .         Harm     .   j - +0 cloak {Stlth+}
rCorr    .         Rampage  .   (gloves unavailable)
Will     +....                  (boots unavailable)
Stlth    ++++......             (no amulet)
HPRegen  1.24/turn              l - ring of willpower
MPRegen  0.12/turn              (no ring)

@: heroic
A: large, unfitting armour, claws 3, regeneration 1, shaggy fur 1, tough skin 1
a: Renounce Religion, Heroism


You were on level 8 of the Dungeon.
You worshipped Okawaru.
Okawaru was greatly pleased with you.
You visited 2 branches of the dungeon, and saw 9 of its levels.
You also visited: Ossuary.

You collected 423 gold pieces.

Inventory:

Missiles
 d - 2 throwing nets (quivered)
 h - 48 poisoned darts
 p - 268 stones
 u - 7 boomerangs
Armour
 b - a +0 robe (worn)
 j - a +0 cloak of stealth (worn)
Jewellery
 l - a ring of willpower (left claw)
Wands
 z - a wand of polymorph (6)
 D - a wand of iceblast (19)
Scrolls
 e - 2 scrolls of immolation {unknown}
 f - 3 scrolls of teleportation
 i - 3 scrolls of magic mapping {unknown}
 m - a scroll of amnesia {unknown}
 o - 2 scrolls of noise {unknown}
 q - a scroll of vulnerability {unknown}
 v - 7 scrolls of identify
 x - 2 scrolls of acquirement {unknown}
 y - a scroll of holy word {unknown}
 B - 2 scrolls of brand weapon {unknown}
 C - a scroll of enchant armour {unknown}
 E - a scroll of blinking {unknown}
 F - a scroll of enchant weapon {unknown}
Potions
 a - 6 potions of curing
 g - 3 potions of attraction
 k - a potion of berserk rage {unknown}
 n - a potion of lignification
 r - a potion of brilliance
 s - a potion of haste
 t - 2 potions of mutation {unknown}
 w - a potion of cancellation {unknown}
 A - a potion of degeneration {unknown}


   Skills:
 - Level 1.5(6.5) Fighting
 - Level 10.0(15.0) Throwing
 - Level 1.5(6.5) Dodging
 - Level 0.3(5.3) Stealth
 - Level 10.0(15.0) Unarmed Combat
 * Level 2.2 Invocations


You had 9 spell levels left.
You didn't know any spells.
Your spell library contained the following spells:

 Spells                   Type           Power      Damage    Failure   Level
 Blink                    Tloc           N/A        N/A       56%         2
 Slow                     Hex            0%         N/A       56%         2
 Confusing Touch          Hex            0%         N/A       80%         3
 Lesser Beckoning         Tloc           0%         N/A       80%         3
 Manifold Assault         Tloc           0%         N/A       100%        5
 Yara's Violent Unravell  Hex/Tmut       0%         3d3       100%        5


Dungeon Overview and Level Annotations

Branches:
Dungeon (8/15)             Temple (1/1) D:6            Lair (0/6) D:8
Ossuary (visited)

Altars:
Ashenzari
Cheibriados
Dithmenos
Elyvilon
Fedhas
Gozag
Kikubaaqudgha
Makhleb
Nemelex Xobeh
Okawaru
Qazlal
Sif Muna
Trog
Uskayaw
Vehumet
Xom
Yredelemnul
Zin
The Shining One

Shops:
D:5 *


Innate Abilities, Weirdness & Mutations

You are too large for most types of armour.
You have claws for hands.
Your natural rate of healing is unusually fast.
You are covered in fur. (AC +1)
You have tough skin. (AC +1)


Message History

The centaur warrior shoots an arrow.
The arrow hits you!!
The centaur warrior shoots an arrow.
The arrow hits you!
The centaur warrior shoots an arrow.
The arrow completely misses you.
The centaur warrior unwields a +0 shortbow.
The centaur warrior hits you but does no damage.
The centaur warrior kicks you.
There is an open door, spattered with blood here.
You scratch the centaur warrior.
The centaur warrior is lightly wounded.
The centaur warrior hits you.
* * * LOW HITPOINT WARNING * * *
The centaur warrior kicks you.
* * * LOW HITPOINT WARNING * * *
The centaur warrior hits you.
* * * LOW HITPOINT WARNING * * *
The centaur warrior kicks you but does no damage.
You barely miss the centaur warrior.
The centaur warrior is lightly wounded.
The centaur warrior hits you!
* * * LOW HITPOINT WARNING * * *
The centaur warrior kicks you.
* * * LOW HITPOINT WARNING * * *
You scratch the centaur warrior.
The centaur warrior is lightly wounded.
The centaur warrior barely misses you.
The centaur warrior kicks you but does no damage.
Okay, then.
Okay, then.
Okay, then.
You barely miss the centaur warrior.
The centaur warrior is lightly wounded.
The centaur warrior hits you but does no damage.
The centaur warrior kicks you but does no damage.
You claw the centaur warrior! x2
The centaur warrior is heavily wounded.
The centaur warrior closely misses you. The centaur warrior kicks you.
* * * LOW HITPOINT WARNING * * *
You gain the combat prowess of a mighty hero.
The centaur warrior hits you!
You die...

##.......#
########### #
#####.....####
#.........# #
...........#
#.....)...# ###
###.....#..#
#..<......#####..
###..##C#..#
#............#...
..........##
#.......)....#...
########(##
#.........)..'... .(
####............#...
c..
#.c@............#...
...
#.##............##..
#.###########...####
#.# ##### # #.# #
#.# # #.# # #)# #
#.# #


You could see a centaur warrior.

Vanquished Creatures
  A two-headed ogre (D:7)
  Prince Ribbit (D:7)
  Grinder (D:3)
  A wyvern (D:8)
  A water moccasin (D:6)
  2 black bears
  An ice beast (D:5)
  A sky beast (D:7)
  The ghost of flt the Gusty, an amateur NaAE (D:3)
  A necrophage (D:7)
  An ogre (D:4)
  2 centaurs
  A phantom (D:5)
  2 bullfrogs
  A gnoll sergeant (D:7)
  5 scorpions
  2 water moccasin skeletons (D:5)
  3 wights (D:7)
  2 human zombies
  4 centaur zombies
  2 jellies
  3 orc priests
  A gnoll shaman (D:7)
  A centaur skeleton (D:6)
  2 hounds
  A bullfrog skeleton (D:6)
  Jessica (D:2)
  3 iguanas
  Ijyb (D:5)
  6 orc wizards
  A killer bee zombie (D:5)
  2 mummies (Ossuary)
  Robin (D:3)
  12 gnolls
  2 adders
  A white imp (D:7)
  2 ufetubi
  An adder skeleton (D:5)
  A worm (D:5)
  2 dart slugs (D:1)
  35 orcs
  3 bats
  9 endoplasms
  A giant cockroach (D:3)
  16 goblins
  8 hobgoblins
  2 jackals (D:2)
  2 quokkas
  5 ball pythons
  2 frilled lizards (D:1)
  10 hobgoblin zombies (Ossuary)
  7 kobolds
  12 kobold zombies (Ossuary)
  7 orc zombies (Ossuary)
  5 rats
  5 rat zombies (Ossuary)
209 creatures vanquished.

Vanquished Creatures (others)
  A bat (D:3)
  3 fungi (D:8)
  2 plants (D:8)
6 creatures vanquished.

Grand Total: 215 creatures vanquished

Notes
Turn   | Place    | Note
-------+----------+-------------------------------------------
     0 | D:1      | DocSulfur the Troll Hunter began the quest for the Orb.
     0 | D:1      | Reached XP level 1. HP: 19/19 MP: 0/0
    80 | D:1      | Reached skill level 1 in Unarmed Combat
   125 | D:1      | Reached XP level 2. HP: 27/27 MP: 1/1
   520 | D:2      | Found a faded altar of an unknown god.
   531 | D:2      | Noticed Jessica
   539 | D:2      | Killed Jessica
   540 | D:2      | Reached XP level 3. HP: 33/33 MP: 2/2
  1283 | D:3      | Found a broken altar of Ashenzari.
  1306 | D:3      | Noticed Grinder
  1310 | D:3      | Paralysed by Grinder for 5 turns
  1324 | D:3      | Paralysed by Grinder for 4 turns
  1328 | D:3      | HP: 1/33 [Grinder/nerve-wracking pain (4)]
  1329 | D:3      | Killed Grinder
  1330 | D:3      | Reached XP level 4. HP: 3/41 MP: 3/3
  1330 | D:3      | Reached XP level 5. HP: 4/48 MP: 4/4
  1403 | D:3      | Noticed flt's ghost (amateur NaAE)
  1410 | D:3      | Found a runed translucent gate.
  1410 | D:3      | Found a runed translucent gate.
  1411 | D:3      | Noticed a centaur
  1412 | D:3      | Found a runed translucent gate.
  1412 | D:3      | Noticed Robin
  1450 | D:3      | Killed Robin
  1451 | D:3      | Reached XP level 6. HP: 51/55 MP: 5/5
  2004 | D:3      | Reached skill level 5 in Throwing
  2004 | D:3      | Reached skill level 5 in Unarmed Combat
  2074 | D:3      | Killed flt's ghost
  2242 | D:3      | Found an iron altar of Okawaru.
  2283 | D:3      | Became a worshipper of Warmaster Okawaru
  2561 | D:4      | Reached XP level 7. HP: 51/62 MP: 6/6
  2606 | D:4      | Found a sand-covered staircase.
  2624 | Ossuary  | Entered an ossuary
  3652 | D:5      | Entered Level 5 of the Dungeon
  3711 | D:4      | Reached * piety under Okawaru
  3949 | D:5      | Reached XP level 8. HP: 66/70 MP: 7/7
  4203 | D:5      | Noticed Ijyb
  4220 | D:5      | Killed Ijyb
  4339 | D:5      | Found a sparkling altar of Nemelex Xobeh.
  4423 | D:5      | Found Heossa's Neck Hole.
  4701 | D:6      | Found a staircase to the Ecumenical Temple.
  4896 | Temple   | Entered the Ecumenical Temple
  4995 | D:6      | Reached ** piety under Okawaru
  5568 | D:7      | Noticed Prince Ribbit
  5576 | D:7      | Reached XP level 9. HP: 76/76 MP: 8/8
  5773 | D:7      | Found a white marble altar of Elyvilon.
  5773 | D:7      | Found an opulent altar of Gozag.
  5803 | D:7      | Noticed a two-headed ogre
  5825 | D:7      | Killed Prince Ribbit
  5826 | D:7      | Reached skill level 10 in Unarmed Combat
  6710 | D:7      | Killed a two-headed ogre
  6710 | D:7      | Reached *** piety under Okawaru
  6967 | D:8      | Found a radiant altar of Vehumet.
  6992 | D:8      | Reached **** piety under Okawaru
  6993 | D:8      | Reached skill level 10 in Throwing
  6993 | D:8      | Reached skill level 1 in Invocations
  7064 | D:8      | Reached XP level 10. HP: 19/85 MP: 10/10
  7246 | D:8      | Found a staircase to the Lair.
  7279 | D:8      | Noticed a centaur warrior
  7348 | D:8      | Noticed a cyclops
  7352 | D:8      | Noticed a centaur warrior
  7374 | D:8      | Slain by a centaur warrior

Illustrated notes

Levels and vault maps discovered:
D:1:      psy_arrival_terrarium, layout_basic
D:2:      layout_basic, shapermc_ecumenical_altar_ellora, uniq_jessica
D:3:      layout_basic, okawaru_altar_gauntlet_db, lemuel_tele_altar,
          gammafunk_ghost_split, uniq_grinder, uniq_robin
D:4:      layout_gridville, enter_ossuary_3, serial_glass, glass_columns_c,
          glass_columns_a
D:5:      layout_rooms, mainiacjoe_overflow_paths,
          nicolae_shop_sticking_my_neck_out, uniq_ijyb
D:6:      layout_loops_cross, minmay_temple_entry_large_hall
D:7:      minmay_angry_zag, layout_loops_corners, jmf_multi_god_temple,
          kennysheep_minor_cross, uniq_prince_ribbit1
D:8:      minmay_opposing_rooms, layout_basic, pdpol_wu_jian_five_deadly_venoms,
          nicolae_vehumet_altar_sigil, dpeg_oklobed_lair
Temple:   dshaligram_water_room_temple

Skill      XL: |  1  2  3  4  5  6  7  8  9 10 |
---------------+-------------------------------+-----
Unarmed Combat | 1 2 4 5 7 9 10 | 10.0
Throwing       | 4 5 6 7 10 | 10.0
Invocations    | 1 2 |  2.2
Fighting       | |  1.5
Dodging        | |  1.5
Stealth        | |  0.3

Action                   |  1- 3 |  4- 6 |  7- 9 | 10-12 || total
-------------------------+-------+-------+-------+-------++-------
Melee: Unarmed           |    74 |    83 |   381 |    30 ||   568
       Punch             |       |       |    13 |     2 ||    15
Throw: Large rock        |     2 |       |    33 |     4 ||    39
       Stone             |       |     1 |       |       ||     1
       Throwing net      |       |       |     2 |       ||     2
Invok: Heroism           |       |       |     1 |     1 ||     2
Evoke: Wand              |       |       |     1 |       ||     1
  Use: Potion            |       |     1 |       |       ||     1
       Scroll            |       |       |     6 |     2 ||     8
 Stab: Sleeping          |     2 |     4 |     4 |       ||    10
Armor: Robe              |    30 |    37 |   104 |    13 ||   184
Dodge: Dodged            |    24 |    58 |   174 |    19 ||   275

Table legend: (Time is in decaauts)
 A = Elapsed time spent in this place.
 B = Non-inter-level travel time spent in this place.
 C = Inter-level travel time spent in this place.
 D = Time resting spent in this place.
 E = Time spent auto-exploring this place.
 F = Levels seen in this place.
 G = Mean time per level.
                   A        B        C        D        E       F      G
               +--------+--------+--------+--------+--------+-----+--------+
         Total |   7330 |   7027 |    303 |     29 |   3978 |  10 |  733.0 |
       Dungeon |   6940 |   6637 |    303 |     29 |   3978 |   8 |  867.5 |
        Temple |     71 |     71 |      0 |      0 |      0 |   1 |   71.0 |
       Ossuary |    318 |    318 |      0 |      0 |      0 |   1 |  318.0 |
               +--------+--------+--------+--------+--------+-----+--------+

Top non-repeatable levels by time:
     D:7: 1382 daAuts
     D:4: 1135 daAuts
     D:3: 1105 daAuts
     D:2: 924 daAuts
     D:6: 847 daAuts
     D:5: 765 daAuts
     D:8: 427 daAuts
     D:1: 352 daAuts
 Ossuary: 318 daAuts
  Temple: 71 daAuts
